 Dungeon Sprint DCSS version 0.28.0-53-g5a82cb258f (webtiles) character file.

Game seed: 15471866436644305364

179 Zeld the Cleaver (level 5, -1/75 HPs)
             Began as a Minotaur Berserker on June 4, 2022.
             Was a Priest of Trog.
             Killed from afar by a deep elf pyromancer (19 damage)
             ... with a bolt of fire
             ... in the Dungeon (Sprint III: "The Ten Rune Challenge").
             The game lasted 00:00:59 (918 turns).

Zeld the Cleaver (Minotaur Berserker)                Turns: 918, Time: 00:01:00

Health: -1/75      AC:  3    Str: 24    XL:     5   Next: 33%
Magic:  4/4        EV: 13    Int:  4    God:    Trog [***...]
Gold:   28         SH:  0    Dex:  9    Spells: 4/4 levels left

rFire   . . .      SeeInvis .   a - +0 hand axe
rCold   . . .      Faith    .   (no shield)
rNeg    . . .      Spirit   .   b - +0 animal skin
rPois   .          Reflect  .   (helmet unavailable)
rElec   .          Harm     .   q - +0 cloak
rCorr   .          Rampage  .   (no gloves)
Will    .....      NoTele   +   (no boots)
Stlth   ..........              (no amulet)
HPRegen 0.22/turn               (no ring)
MPRegen 0.09/turn               (no ring)

@: berserking, very quick
A: horns 3, retaliatory headbutt, frail 1, mutation resistance 1, no potion heal
1
a: Renounce Religion, Berserk, Trog's Hand


You were in the Dungeon.
You worshipped Trog.
Trog was most pleased with you.
You visited 1 branch You collected 28 gold pieces.

Inventory:

Hand Weapons
 a - a +0 hand axe (weapon)
Armour
 b - a +0 animal skin (worn)
 q - a +0 cloak (worn)
Scrolls
 h - a scroll of blinking
 j - 2 scrolls of holy word {unknown}
 k - 2 scrolls of identify
 m - a scroll of immolation {unknown}
 n - a scroll of enchant armour {unknown}
Potions
 d - a potion of heal wounds
 e - a potion of haste
 f - 2 potions of magic
 g - a potion of berserk rage
 i - 2 potions of might {unknown}
 l - 4 potions of flight
 o - a potion of lignification {unknown}


   Skills:
 * Level 8.4 Fighting
 * Level 8.4 Axes
 + Level 5.8 Armour
 + Level 5.3 Dodging


You had 4 spell levels left.
You didn't know any spells.
Your spell library was empty.

Dungeon Overview and Level Annotations

Branches:
Dungeon (1/1)

Altars:
Elyvilon
Kikubaaqudgha
Sif Muna
Vehumet
Zin
The Shining One


Innate Abilities, Weirdness & Mutations

You have a pair of large horns on your head.
You reflexively headbutt those who attack you in melee.
You are frail. (-10% HP)
You are somewhat resistant to further mutation.
Potions are less effective at restoring your health.


Message History

Things that are here:
a +0 dagger; a +0 robe; a human corpse You start waiting.
You recover from your berserk rage.
You start waiting.
You start waiting.
There is a fountain of clear blue water here.
You open the door.
Found three altars.
A deep elf pyromancer comes into view.
It is wielding a +2 long sword of holy wrath.
Found a potion of heal wounds.
The deep elf pyromancer shouts!
The deep elf pyromancer points at you and mumbles some strange words.
The sticky flame hits you!
You are covered in liquid flames!
There is an open door here.
A red film seems to cover your vision as you go berserk!
You feel yourself moving faster!
You feel mighty!
You are covered in liquid flames!
You slash the deep elf pyromancer! You headbutt the deep elf pyromancer!
The deep elf pyromancer is heavily wounded.
You are covered in liquid flames!
The deep elf pyromancer gestures at you while chanting.
The bolt of fire hits you!!
You are too injured to fight recklessly!
You are too injured to fight recklessly!
You are too injured to fight recklessly!
You hit the deep elf pyromancer.
The deep elf pyromancer is severely wounded.
You are covered in liquid flames!
* * * LOW HITPOINT WARNING * * *
You closely miss the deep elf pyromancer.
Your headbutt misses the deep elf pyromancer.
The deep elf pyromancer is severely wounded.
You are covered in liquid flames!
* * * LOW HITPOINT WARNING * * *
You are no longer on fire.
The deep elf pyromancer points at you and mumbles some strange words.
The bolt of fire hits you!!
You die...

▓▓▓▓▓▓▓ ▓▓▓ .'....♣
♣.##### .#....♣ ♣.#___#
##....♣♣♣ ♣♣.#!e.#
.#....≈.♣♣♣..###@#+###+#
.#...≈≈♣.♣...#..........
.#..≈≈≈≈.♣♣♣.'.⌠........
'#..≈≈≈≈≈≈♣..#...######+
.#.≈≈≈)≈≈....#.⌠.#
.#.≈≈≈≈≈.....#...#
.#.≈≈≈.......#)###
##...........#):.#
.............#___#


You could see a deep elf pyromancer.

Vanquished Creatures
  A water elemental (D)
  Crazy Yiuf (D)
  Jessica (D)
  A wizard (D)
  A human (D)
  A kobold demonologist (D)
  An endoplasm (D)
  2 rats (D)
9 creatures vanquished.

Notes
Turn   | Place    | Note
-------+----------+-------------------------------------------
     0 | D        | Zeld the Minotaur Berserker began the quest for the Orb.
     0 | D        | Reached XP level 1. HP: 19/19 MP: 0/0
    71 | D        | Noticed Jessica
    72 | D        | Reached ** piety under Trog
    77 | D        | Killed Jessica
    78 | D        | Reached skill level 5 in Fighting
    78 | D        | Reached skill level 5 in Axes
    78 | D        | Reached XP level 2. HP: 29/29 MP: 1/1
    78 | D        | Reached XP level 3. HP: 36/36 MP: 2/2
   261 | D        | Noticed Crazy Yiuf
   273 | D        | Killed Crazy Yiuf
   274 | D        | Reached XP level 4. HP: 15/45 MP: 3/3
   399 | D        | Gained mutation: You are frail. (-10% HP) [potion of
                  | mutation]
   399 | D        | Lost mutation: You are frail. (-10% HP) [potion of
                  | mutation]
   399 | D        | Gained mutation: You have a pair of large horns on your
                  | head. [potion of mutation]
   489 | D        | Lost mutation: You have a pair of large horns on your head.
                  | [potion of mutation]
   489 | D        | Gained mutation: You are frail. (-10% HP) [potion of
                  | mutation]
   489 | D        | Gained mutation: Your magical capacity is low. (-10% MP)
                  | [potion of mutation]
   489 | D        | Gained mutation: You have a pair of large horns on your
                  | head. [potion of mutation]
   489 | D        | Gained mutation: You possess an exceptional clarity of
                  | mind. [potion of mutation]
   558 | D        | Lost mutation: You possess an exceptional clarity of mind.
                  | [potion of mutation]
   558 | D        | Lost mutation: Your magical capacity is low. (-10% MP)
                  | [potion of mutation]
   558 | D        | Gained mutation: Potions are less effective at restoring
                  | your health. [potion of mutation]
   558 | D        | Gained mutation: You are somewhat resistant to further
                  | mutation. [potion of mutation]
   721 | D        | Noticed a water elemental
   726 | D        | Killed a water elemental
   726 | D        | Reached *** piety under Trog
   727 | D        | Reached skill level 5 in Armour
   816 | D        | Found a radiant altar of Vehumet.
   816 | D        | Found a shimmering blue altar of Sif Muna.
   816 | D        | Found an ancient bone altar of Kikubaaqudgha.
   816 | D        | Noticed a wizard
   820 | D        | Killed a wizard
   821 | D        | Reached skill level 5 in Dodging
   821 | D        | Reached XP level 5. HP: 47/47 MP: 4/4
   913 | D        | Found a glowing silver altar of Zin.
   913 | D        | Found a glowing golden altar of the Shining One.
   913 | D        | Found a white marble altar of Elyvilon.
   914 | D        | Noticed a deep elf pyromancer
   918 | D        | Killed from afar by a deep elf pyromancer

Illustrated notes

Levels and vault maps discovered:
D:        dungeon_sprint_mu [sprint_mu_entry_forest, sprint_mu_temple_rooms,
          sprint_mu_d1_spiders, sprint_mu_d2_genie, sprint_mu_d3_branching,
          sprint_mu_orc_legion, sprint_mu_elf_gauntlet, sprint_mu_hive_nellie,
          sprint_mu_lair_fedhas, sprint_mu_vaults_butterflies,
          sprint_mu_slime_circle, sprint_mu_swamp_cave, sprint_mu_shoals_archi,
          sprint_mu_blade_basic, sprint_mu_crypt_fortress,
          sprint_mu_tomb_spiral, sprint_mu_vestibule_basic,
          sprint_mu_gehenna_hellfire, sprint_mu_dis_giant,
          sprint_mu_tartarus_statrot, sprint_mu_cocytus_islands, sprint_mu_zot1]

Skill      XL: |  1  2  3  4 |
---------------+-------------+-----
Fighting       | 5 6 8 |  8.4
Axes           | 5 6 8 |  8.4
Armour         | 3 4 5 |  5.8
Dodging        | 3 4 5 |  5.3

Action                   |  1- 3 |  4- 6 || total
-------------------------+-------+-------++-------
Melee: Hand axe          |    24 |    11 ||    35
       Headbutt          |     2 |     3 ||     5
       Punch             |     1 |       ||     1
Invok: Berserk           |     3 |     3 ||     6
  Use: Potion            |     1 |     3 ||     4
Dodge: Dodged            |    14 |     3 ||    17
